 Dungeon Crawl Stone Soup version 0.31-a0-354-g827e0957a7 (webtiles) character file.

Game seed: 10860635301873041864

1348 arthad the Chopper (level 8, 0/67 HPs)
             Began as a Gnoll Berserker on July 23, 2023.
             Was a Priest of Trog.
             Succumbed to a water moccasin's poison
             ... on level 6 of the Dungeon.
             The game lasted 00:10:06 (4610 turns).

arthad the Chopper (Gnoll Berserker)                Turns: 4610, Time: 00:10:07

Health: 0/67       AC:  5    Str: 15 (18) XL:     8   Next: 63%
Magic:  3/13       EV: 13    Int:  5 (7)  God:    Trog [***...]
Gold:   347        SH:  0    Dex:  9 (12) Spells: 14/14 levels left

rFire   . . .        v - +3 hand axe
rCold   . . .        (no shield)
rNeg    . . .        b - +0 animal skin
rPois   .            (no helmet)
rElec   .            t - +2 cloak {rCorr}
rCorr   +            (no gloves)
SInv    .            (no boots)
Will    ++...        g - amulet of guardian spirit
Stlth   ++           C - ring of resist corrosion
HPRegen 1.31/turn    (no ring)
MPRegen 0.13/turn

%: guardian spirit
@: lethally poisoned (0 -> -2), strong-willed, on berserk cooldown,
regenerating, slowed, very slow
A: fangs 1, strong nose, distributed training
a: Renounce Religion, Berserk, Trog's Hand


You were on level 6 of the Dungeon.
You worshipped Trog.
Trog was most pleased with you.
You visited 1 branch of the dungeon, and saw 6 of its levels.

You collected 347 gold pieces.

Inventory:

Hand Weapons
 a - a +0 hand axe
 m - a +0 whip of flaming
 s - a +2 quarterstaff of chaos
 v - a +3 hand axe (weapon)
Missiles
 e - 2 silver javelins
 j - 6 curare-tipped darts (quivered)
Armour
 b - a +0 animal skin (worn)
 t - a +2 cloak of preservation (worn)
Magical Staves
 q - a staff of air
 w - a staff of cold
Jewellery
 g - an amulet of guardian spirit (around neck)
 r - a ring of ice
 C - a ring of resist corrosion (left hand)
Talismans
 h - a beast talisman
Wands
 u - a wand of digging (5)
 D - a wand of flame (18)
 I - a wand of paralysis (10)
Scrolls
 d - 3 scrolls of immolation {unknown}
 i - a scroll of fog {unknown}
 k - 2 scrolls of enchant armour {unknown}
 o - 2 scrolls of vulnerability {unknown}
 p - 2 scrolls of teleportation {unknown}
 x - a scroll of amnesia {unknown}
 y - 2 scrolls of enchant weapon {unknown}
 A - 2 scrolls of identify {unknown}
 F - a scroll of noise {unknown}
 H - a scroll of brand weapon {unknown}
 K - a scroll of blinking {unknown}
 L - a scroll of poison {unknown}
Potions
 c - a potion of heal wounds {unknown}
 f - a potion of attraction {unknown}
 l - a potion of magic {unknown}
 n - a potion of resistance {unknown}
 z - a potion of cancellation {unknown}
 B - a potion of berserk rage {unknown}
 E - a potion of degeneration
 G - a potion of mutation {unknown}
 J - a potion of might {unknown}


   Skills:
 + Level 7.5 Fighting
 + Level 3.5 Short Blades
 + Level 3.5 Long Blades
 + Level 7.5 Axes
 + Level 3.5 Maces & Flails
 + Level 3.5 Polearms
 + Level 3.5 Staves
 + Level 3.5 Ranged Weapons
 + Level 3.5 Throwing
 + Level 5.8 Armour
 + Level 5.8 Dodging
 + Level 3.5 Stealth
 + Level 3.5 Shields
 + Level 3.5 Unarmed Combat
 + Level 3.5 Spellcasting
 + Level 2.9 Conjurations
 + Level 2.9 Hexes
 + Level 2.9 Summonings
 + Level 2.9 Necromancy
 + Level 2.9 Translocations
 + Level 2.9 Transmutations
 + Level 2.9 Fire Magic
 + Level 2.9 Ice Magic
 + Level 2.9 Air Magic
 + Level 2.9 Earth Magic
 + Level 2.9 Poison Magic
 + Level 3.9 Invocations
 + Level 3.5 Evocations
 + Level 2.9 Shapeshifting


You had 14 spell levels left.
You didn't know any spells.
Your spell library contained the following spells:

 Spells                   Type           Power      Damage    Failure   Level
 Apportation              Tloc           6%         N/A       12%         1
 Necrotise                Necr           12%        1d4       12%         1
 Summon Small Mammal      Summ           12%        N/A       12%         1
 Scorch                   Fire           6%         2d5       17%         2
 Dazzling Flash           Conj/Hex       6%         N/A       34%         3
 Inner Flame              Hex/Fire       3%         N/A       34%         3
 Flame Wave               Conj/Fire      3%         2d5       75%         4
 Agony                    Necr           3%         N/A       97%         5
 Fireball                 Conj/Fire      1%         3d3       97%         5
 Iskenderun's Battlesphe  Conj           3%         2d6       97%         5
 Silence                  Hex/Air        1%         N/A       97%         5
 Yara's Violent Unravell  Hex/Tmut       1%         3d3       97%         5
 Conjure Ball Lightning   Conj/Air       1%         3x3d6     100%        6
 Summon Cactus Giant      Summ           1%         N/A       100%        6
 Enfeeble                 Hex            1%         N/A       100%        7
 Orb of Destruction       Conj           1%         9d5       100%        7


Dungeon Overview and Level Annotations

Branches:
Dungeon (6/15)             Temple (0/1) D:5

Altars:
Fedhas
Vehumet

Shops:
D:3 [*   D:4 (


Innate Abilities, Weirdness & Mutations

You have very sharp teeth.
Your uncanny sense of smell can sniff out nearby items.
Your experience applies equally to all skills.


Message History

* * * LOW HITPOINT WARNING * * *
You are more poisoned.
The water moccasin poisons you! The water moccasin barely misses you.
A red film seems to cover your vision as you go berserk!
You feel yourself moving faster!
You feel mighty!
You feel very sick. The water moccasin bites you.
* * * LOW HITPOINT WARNING * * *
You are more poisoned.
The water moccasin poisons you!
You miss the water moccasin.
The water moccasin is almost dead.
You feel very sick.
The water moccasin bites you but does no damage.
You barely miss the water moccasin.
The water moccasin is severely wounded.
You feel very sick. The water moccasin bites you!
* * * LOW HITPOINT WARNING * * *
You slash the water moccasin!
You kill the water moccasin!
Trog accepts your kill.
* * * LOW HITPOINT WARNING * * *
You feel very sick.
You are too berserk!
* * * LOW HITPOINT WARNING * * *
You feel sick.
Found 17 gold pieces.
You feel a strong urge to attack something.
* * * LOW HITPOINT WARNING * * *
You feel very sick.
You are no longer berserk.
You are exhausted.
You feel yourself slow down.
* * * LOW HITPOINT WARNING * * *
You feel sick.
It was a potion of degeneration.
There was something very wrong with that liquid.
You feel weakened.
You feel dopey.
You feel clumsy.
You die...

....... ?...(..
.....(. ###
......(###.##
.......#....###
#........##
.$##.......#.####
...........##....##
.........@.##.....#
##............<..##
∆ ##............###
..............#
.##............#
................
...........#....
..#.......###..
..... ..


There were no monsters in sight!

Vanquished Creatures
  A water moccasin (D:6)
  2 black bears
  An ogre (D:5)
  A centaur (D:5)
  2 scorpions (D:5)
  5 hounds
  A jelly (D:5)
  Crazy Yiuf (D:3)
  A gnoll bouda (D:5)
  2 orc priests (D:4)
  5 iguanas
  Ijyb (D:5)
  An orc wizard (D:3)
  A sleepcap (D:5)
  15 gnolls
  3 adders
  An ufetubus (D:4)
  4 dart slugs
  13 orcs
  3 endoplasms
  3 giant cockroaches (D:2)
  6 goblins
  5 hobgoblins
  4 jackals
  4 quokkas
  8 ball pythons
  4 bats
  5 frilled lizards
  6 kobolds
  8 rats
  A spectral hobgoblin (D:3)
118 creatures vanquished.

Notes
Turn   | Place    | Note
-------+----------+-------------------------------------------
     0 | D:1      | arthad the Gnoll Berserker began the quest for the Orb.
     0 | D:1      | Reached XP level 1. HP: 23/23 MP: 1/1
   184 | D:1      | Reached XP level 2. HP: 26/29 MP: 2/2
   941 | D:2      | Reached ** piety under Trog
   971 | D:2      | Reached XP level 3. HP: 31/35 MP: 3/3
  1226 | D:2      | Reached skill level 1 in Invocations
  1456 | D:2      | You fall into a shaft and drop 2 floors!
  1471 | D:4      | Reached skill level 1 in Short Blades
  1471 | D:4      | Reached skill level 1 in Long Blades
  1471 | D:4      | Reached skill level 1 in Maces & Flails
  1471 | D:4      | Reached skill level 1 in Polearms
  1471 | D:4      | Reached skill level 1 in Staves
  1471 | D:4      | Reached skill level 1 in Ranged Weapons
  1471 | D:4      | Reached skill level 1 in Throwing
  1471 | D:4      | Reached skill level 1 in Stealth
  1471 | D:4      | Reached skill level 1 in Shields
  1471 | D:4      | Reached skill level 1 in Unarmed Combat
  1471 | D:4      | Reached skill level 1 in Spellcasting
  1471 | D:4      | Reached skill level 1 in Evocations
  1471 | D:4      | Reached XP level 4. HP: 26/41 MP: 2/5
  1675 | D:3      | Reached skill level 1 in Conjurations
  1675 | D:3      | Reached skill level 1 in Hexes
  1675 | D:3      | Reached skill level 1 in Summonings
  1675 | D:3      | Reached skill level 1 in Necromancy
  1675 | D:3      | Reached skill level 1 in Translocations
  1675 | D:3      | Reached skill level 1 in Transmutations
  1675 | D:3      | Reached skill level 1 in Fire Magic
  1675 | D:3      | Reached skill level 1 in Ice Magic
  1675 | D:3      | Reached skill level 1 in Air Magic
  1675 | D:3      | Reached skill level 1 in Earth Magic
  1675 | D:3      | Reached skill level 1 in Poison Magic
  1675 | D:3      | Reached skill level 1 in Shapeshifting
  1681 | D:3      | Found a faded altar of an unknown god.
  1815 | D:3      | Found Geaqumex's Antique Armour Boutique.
  1890 | D:3      | Found a runed translucent door.
  1891 | D:3      | Noticed Crazy Yiuf
  1899 | D:3      | Killed Crazy Yiuf
  1900 | D:3      | Reached XP level 5. HP: 47/47 MP: 5/7
  1993 | D:3      | Found a radiant altar of Vehumet.
  2086 | D:3      | Found Limareg's General Store.
  2526 | D:4      | Noticed a black bear
  2529 | D:4      | Reached XP level 6. HP: 42/53 MP: 6/8
  2666 | D:4      | Reached skill level 5 in Armour
  2666 | D:4      | Reached skill level 5 in Dodging
  2716 | D:4      | Killed a black bear
  2717 | D:4      | Reached XP level 7. HP: 23/59 MP: 4/10
  2984 | D:4      | Found a blossoming altar of Fedhas.
  3114 | D:4      | Reached *** piety under Trog
  3127 | D:4      | Found Jaopraruo's Antique Weapon Emporium.
  3281 | D:5      | Entered Level 5 of the Dungeon
  3566 | D:5      | Found a staircase to the Ecumenical Temple.
  3567 | D:5      | Noticed Ijyb
  3574 | D:5      | Paralysed by Ijyb for 4 turns
  3705 | D:5      | Killed Ijyb
  3801 | D:5      | Reached XP level 8. HP: 20/67 MP: 5/12
  4607 | D:6      | HP: 5/100 [poisoned by a water moccasin]
  4609 | D:6      | HP: 1/67 [poisoned by a water moccasin]
  4610 | D:6      | Succumbed to a water moccasin's poison

Illustrated notes

Levels and vault maps discovered:
D:1:      sevenhm_arrival_forest_fort_large_2, layout_basic
D:2:      layout_loops_ring, chequers_jeans
D:3:      layout_rooms, nicolae_vehumet_altar_sigil,
          dreamdust_ecumenical_altar_drowned_temple, serial_shops,
          nicolae_shop_back_alley_shop, shop, hangedman_decor_points, hex_tiny,
          uniq_crazy_yiuf_cottage
D:4:      layout_rooms, mainiacjoe_overflow_six_doors_small, serial_shops, shop
D:5:      layout_cave_pools, minmay_temple_entry_gardened_gates,
          minmay_liquid_box, uniq_ijyb
D:6:      layout_cave_pools, uniq_menkaure

Skill      XL: |  1  2  3  4  5  6  7  8 |
---------------+-------------------------+-----
Invocations    | 1 2 3 |  3.9
Short Blades   | 1 2 3 |  3.5
Long Blades    | 1 2 3 |  3.5
Maces & Flails | 1 2 3 |  3.5
Polearms       | 1 2 3 |  3.5
Staves         | 1 2 3 |  3.5
Ranged Weapons | 1 2 3 |  3.5
Throwing       | 1 2 3 |  3.5
Stealth        | 1 2 3 |  3.5
Shields        | 1 2 3 |  3.5
Unarmed Combat | 1 2 3 |  3.5
Spellcasting   | 1 2 3 |  3.5
Evocations     | 1 2 3 |  3.5
Conjurations   | 1 2 |  2.9
Hexes          | 1 2 |  2.9
Summonings     | 1 2 |  2.9
Necromancy     | 1 2 |  2.9
Translocations | 1 2 |  2.9
Transmutations | 1 2 |  2.9
Fire Magic     | 1 2 |  2.9
Ice Magic      | 1 2 |  2.9
Air Magic      | 1 2 |  2.9
Earth Magic    | 1 2 |  2.9
Poison Magic   | 1 2 |  2.9
Shapeshifting  | 1 2 |  2.9
Armour         | 5 |  5.8
Dodging        | 5 |  5.8
Fighting       | 7 |  7.5
Axes           | 7 |  7.5

Action                     |  1- 3 |  4- 6 |  7- 9 || total
---------------------------+-------+-------+-------++-------
  Melee: Hand axe          |   118 |   148 |   184 ||   450
         Bite              |    19 |    14 |    18 ||    51
         Punch             |     1 |     1 |     1 ||     3
  Throw: Dart              |       |     2 |     6 ||     8
 Invoke: Berserk           |       |     5 |     3 ||     8
         Trog's Hand       |       |     1 |     2 ||     3
    Use: Potion            |       |     1 |     2 ||     3
   Stab: Sleeping          |     3 |     2 |     1 ||     6
 Armour: Animal skin       |    21 |    44 |    41 ||   106
  Dodge: Dodged            |    68 |   106 |   149 ||   323

Table legend: (Time is in decaauts)
 A = Elapsed time spent in this place.
 B = Non-inter-level travel time spent in this place.
 C = Inter-level travel time spent in this place.
 D = Time resting spent in this place.
 E = Time spent auto-exploring this place.
 F = Levels seen in this place.
 G = Mean time per level.
                   A        B        C        D        E       F      G
               +--------+--------+--------+--------+--------+-----+--------+
         Total |   4646 |   4353 |    293 |    470 |   2925 |   6 |  774.3 |
       Dungeon |   4646 |   4353 |    293 |    470 |   2925 |   6 |  774.3 |
               +--------+--------+--------+--------+--------+-----+--------+

Top non-repeatable levels by time:
     D:3: 1090 daAuts
     D:5: 1088 daAuts
     D:2: 856 daAuts
     D:1: 808 daAuts
     D:4: 764 daAuts
     D:6: 38 daAuts
